 Dungeon Crawl Stone Soup version 0.28-a0-983-g1de4e0787c (webtiles) character file.

Game seed: 8589845447483971584

15 ragingrage the Sneak (level 2, -2/24 HPs)
             Began as a Merfolk Delver on Dec 2, 2021.
             Was an Initiate of Okawaru.
             Slain by Pargi (4 damage)
             ... on level 4 of the Dungeon.
             The game lasted 00:01:24 (680 turns).

ragingrage the Sneak (Merfolk Delver)                Turns: 680, Time: 00:01:24

Health: -2/24      AC:  3    Str: 18    XL:     2   Next: 50%
Magic:  2/2        EV: 12    Int:  9    God:    Okawaru [......]
Gold:   66         SH:  0    Dex: 15    Spells: 1/1 levels left

rFire   . . .      SeeInvis .   a - +0 spear
rCold   . . .      Faith    .   (no shield)
rNeg    . . .      Spirit   .   b - +0 leather armour
rPois   .          Reflect  .   (no helmet)
rElec   .          Harm     .   (no cloak)
rCorr   .          Rampage  .   (no gloves)
Will    .....                   (no boots)
Stlth   +++.......              (no amulet)
HPRegen 0.08/turn               j - +6 ring of strength
MPRegen 0.08/turn               (no ring)

@: no status effects
A: (nimble swimmer 2), mertail
a: Renounce Religion


You were on level 4 of the Dungeon.
You worshipped Okawaru.
Okawaru was noncommittal.
You visited 2 branches of the dungeon, and saw 5 of its levels.

You collected 66 gold pieces.

Inventory:

Hand Weapons
 a - a +0 spear (weapon)
Armour
 b - a +0 leather armour (worn)
Jewellery
 j - a +6 ring of strength (left hand)
Wands
 g - a wand of digging (1)
 h - a wand of flame (16)
Scrolls
 d - a scroll of magic mapping
Potions
 f - 2 potions of haste


   Skills:
 - Level 3.2 Fighting
 + Level 4.5 Polearms
 - Level 2.6 Dodging
 - Level 5.4 Stealth


You had one spell level left.
You didn't know any spells.
Your spell library contained the following spells:

 Spells                   Type           Power      Damage    Failure   Level
 Foxfire                  Conj/Fire      0%         2x1d4     43%         1
 Magic Dart               Conj           0%         1d3       43%         1
 Conjure Flame            Conj/Fire      0%         6-21      82%         3
 Inner Flame              Hex/Fire       0%         N/A       82%         3
 Mephitic Cloud           Conj/Pois/Air  0%         N/A       82%         3
 Flame Wave               Conj/Fire      0%         2d4       99%         4
 Call Imp                 Summ           Unusable   N/A       N/A         2

Dungeon Overview and Level Annotations

Branches:
Dungeon (6/15)             Temple (1/1) D:4

Altars:
Ashenzari
Elyvilon
Fedhas
Gozag
Hepliaklqana
Kikubaaqudgha
Makhleb
Okawaru
Ru
Trog
Uskayaw
Wu Jian
The Shining One

Shops:
D:3 !

Annotations:
D:4 Pargi


Innate Abilities, Weirdness & Mutations

((You are quick and stealthy near water. (Stealth+, EV+, Speed+++)))
Your lower body shifts to a powerful aquatic tail in water.


Message History

Pargi completely misses you. Pargi claws you but does no damage.
Pargi misses you.
You slide downwards.
The hatch slams shut behind you.
The orc shouts!
The orc priest shouts!
An orc priest comes into view. It is wielding a +0 falchion.
The orc priest looks encouraged for a moment.
The orc priest moves out of view.
Found a scroll labelled UWKUASMUCO and a leather armour.
Found a dagger.
The goblin shouts!
You hear a shout!
An orc comes into view.
It is wielding a +0 hand axe and wearing a +2 ring mail of fire resistance.
The orc priest casts a cantrip, but nothing happens.
The goblin hits you but does no damage.
The orc priest invokes the aid of Beogh against you.
Beogh smites you!
* * * LOW HITPOINT WARNING * * *
As you read the scroll of fear, it crumbles to dust.
You assume a fearsome visage.
The goblin looks frightened!
The orc looks frightened!
The orc priest looks frightened! x2
Pargi looks frightened!
Okay, then.
As you read the scroll labelled HENOPA CAOTIN, it crumbles to dust.
It is a scroll of identify.
You don't have any unidentified items.
Okay, then.
The goblin cowers, then darts away.
Aiming: Dig
Press: ? - help, Shift-Dir - straight line A rock wall.
The rock shatters into small pieces.
Aiming: Dig
Press: ? - help, Shift-Dir - straight line A rock wall.
The rock shatters into small pieces.
The orc priest miscasts a cantrip.
Pargi seems to regain his courage.
Okay, then.
As you read the scroll of fog, it crumbles to dust.
The scroll dissolves into smoke.
Pargi bites you.
You die...

.... .#
....##..
..o....##
#....#.# .
##o..... #o
#......#
#..##.§...§##
......?§§T.o##
)..##..§@§.#.##
....#..§§§.##o#
#.....#§##.##
##....###.##
#...[..o##
###......#
###...## #####


You could see Pargi and 3 orc priests.

Vanquished Creatures
  3 bats (D:3)
  An endoplasm (D:3)
  A giant cockroach (D:4)
  A goblin (D:3)
  A hobgoblin (D:3)
  A kobold (D:4)
  3 quokkas (D:3)
  2 rats (D:3)
13 creatures vanquished.

Notes
Turn   | Place    | Note
-------+----------+-------------------------------------------
     0 | D:5      | ragingrage the Merfolk Delver began the quest for the Orb.
     0 | D:5      | Reached XP level 1. HP: 18/18 MP: 1/1
    80 | D:4      | Found a staircase to the Ecumenical Temple.
    89 | Temple   | Entered the Ecumenical Temple
   178 | Temple   | Became a worshipper of Warmaster Okawaru
   305 | D:3      | Reached XP level 2. HP: 17/24 MP: 2/2
   653 | D:3      | Found Xiygg's Distillery.
   653 | D:3      | Noticed Pargi
   664 | D:4      | HP: 1/24 [orc priest/divine providence (9)]
   680 | D:4      | Slain by Pargi

Illustrated notes

Levels and vault maps discovered:
D:3:      layout_loops_ring, gup_sewer_entry_glass, serial_shops, shop, shop,
          shop, shop, uniq_pargi, uniq_terence, uniq_ijyb
D:4:      layout_cave_pools, minmay_temple_entry_waves
D:5:      layout_loops_cross, minivault_26
D:6:      layout_cave_pools, amcnicky_altar_gilded
Temple:   regret_index_temple_chain_breaker

Skill      XL: |  1 |
---------------+----+-----
Polearms       | 4 |  4.5
Fighting       | |  3.2
Dodging        | |  2.6
Stealth        | |  5.4

Action                   || total
-------------------------++-------
Melee: Spear             ||    50
Evoke: Wand              ||     2
  Use: Scroll            ||     3
 Stab: Sleeping          ||     5
Armor: Leather armour    ||    14
Dodge: Dodged            ||    21

Table legend: (Time is in decaauts)
 A = Elapsed time spent in this place.
 B = Non-inter-level travel time spent in this place.
 C = Inter-level travel time spent in this place.
 D = Time resting spent in this place.
 E = Time spent auto-exploring this place.
 F = Levels seen in this place.
 G = Mean time per level.
                   A        B        C        D        E       F      G
               +--------+--------+--------+--------+--------+-----+--------+
         Total |    675 |    635 |     40 |      0 |    439 |   5 |  135.0 |
       Dungeon |    565 |    565 |      0 |      0 |    382 |   4 |  141.2 |
        Temple |    109 |     69 |     40 |      0 |     57 |   1 |  109.0 |
               +--------+--------+--------+--------+--------+-----+--------+

Top non-repeatable levels by time:
     D:3: 432 daAuts
  Temple: 109 daAuts
     D:4: 83 daAuts
     D:6: 25 daAuts
     D:5: 23 daAuts
